 Dungeon Crawl Stone Soup version 0.29.1-13-g9f3cf754e1 (webtiles) character file.

Game seed: 6590335937513056218

2374 bjubeck the Fighter (level 9, -4/82 HPs)
             Began as a Minotaur Fighter on Feb 2, 2023.
             Was a Believer of Makhleb.
             Slain by an orc warrior
             ... wielding a +0 halberd
              (19 damage)
             ... in a bailey.
             The game lasted 00:16:03 (7139 turns).

bjubeck the Fighter (Minotaur Fighter)              Turns: 7139, Time: 00:16:11

Health: -4/82      AC:  9    Str: 26    XL:     9   Next: 21%
Magic:  10/10      EV:  9    Int:  5    God:    Makhleb [**....]
Gold:   439        SH:  4    Dex:  9    Spells: 8/8 levels left

rFire   . . .      SeeInvis .   a - +0 war axe
rCold   . . .      Faith    .   c - +0 buckler
rNeg    . . .      Spirit   .   b - +0 scale mail
rPois   .          Reflect  .   (helmet restricted)
rElec   .          Harm     .   (no cloak)
rCorr   .          Rampage  .   h - +0 pair of gloves
Will    .....                   (no boots)
Stlth   ..........              (no amulet)
HPRegen 0.23/turn               (no ring)
MPRegen 0.12/turn               (no ring)

@: no status effects
A: horns 2, retaliatory headbutt
a: Renounce Religion, Minor Destruction


You were in a bailey.
You worshipped Makhleb.
Makhleb was pleased with you.
You visited 2 branches of the dungeon, and saw 8 of its levels.
You also visited: Bailey.

You collected 439 gold pieces.

Inventory:

Hand Weapons
 a - a +0 war axe (weapon)
Missiles
 q - a throwing net
 w - 5 boomerangs (quivered)
 y - 4 javelins
 z - 9 poisoned darts
Armour
 b - a +0 scale mail (worn)
 c - a +0 buckler (worn)
 h - a +0 pair of gloves (worn)
Wands
 s - a wand of mindburst (22)
 A - a wand of paralysis (7)
 B - a wand of polymorph (8)
Scrolls
 e - a scroll of butterflies {unknown}
 g - 4 scrolls of identify {unknown}
 i - 3 scrolls of immolation {unknown}
 k - 2 scrolls of brand weapon {unknown}
 l - 3 scrolls of teleportation {unknown}
 o - 2 scrolls of fear {unknown}
 p - a scroll of silence {unknown}
 r - a scroll of magic mapping {unknown}
 u - 2 scrolls of vulnerability {unknown}
 v - 3 scrolls of amnesia {unknown}
 C - a scroll of noise {unknown}
Potions
 d - a potion of might
 f - 6 potions of curing
 j - 6 potions of heal wounds {unknown}
 m - 2 potions of magic {unknown}
 n - a potion of flight {unknown}
 t - a potion of cancellation {unknown}
 x - a potion of haste {unknown}
 D - a potion of brilliance {unknown}


   Skills:
 + Level 8.9 Fighting
 + Level 8.4 Axes
 + Level 8.9 Armour
 - Level 3.6 Shields
 + Level 3.7 Invocations


You had 8 spell levels left.
You didn't know any spells.
Your spell library contained the following spells:

 Spells                   Type           Power      Damage    Failure   Level
 Beastly Appendage        Tmut           0%         N/A       82%         1
 Wereblood                Tmut           0%         N/A       91%         2
 Spider Form              Tmut/Pois      0%         N/A       99%         3
 Corpse Rot               Necr/Pois/Air  0%         N/A       100%        4
 Dispel Undead            Necr           0%         3d6       100%        4
 Blade Hands              Tmut           0%         N/A       100%        5
 Irradiate                Conj/Tmut      0%         3d11      100%        5
 Death Channel            Necr           0%         N/A       100%        6
 Dragon Form              Tmut           0%         N/A       100%        7


Dungeon Overview and Level Annotations

Branches:
Dungeon (7/15)             Temple (1/1) D:4          Bailey (1/1)

Altars:
Ashenzari
Cheibriados
Dithmenos
Elyvilon
Fedhas
Gozag
Hepliaklqana
Kikubaaqudgha
Makhleb
Okawaru
Ru
Sif Muna
Trog
Vehumet
Xom
Yredelemnul
Zin

Shops:
D:2 :


Innate Abilities, Weirdness & Mutations

You have a pair of horns on your head.
You reflexively headbutt those who attack you in melee.


Message History

The orc is almost dead.
The orc hits you but does no damage. The orc warrior closely misses you.
You slice the orc!!
You kill the orc!
Makhleb accepts your kill.
You feel better.
The orc hits you from afar with a +0 spear.
You block the orc warrior's attack. The orc hits you but does no damage.
You block the orc warrior's attack. The orc hits you but does no damage.
The orc warrior closely misses you. The orc hits you with a +0 spear.
The orc warrior hits you with a +0 halberd!
The orc hits you from afar with a +0 trident.
You see here a +0 halberd.
You slash the orc!
You kill the orc!
Makhleb accepts your kill.
You hit the orc warrior but do no damage.
The orc barely misses you.
An orc comes into view. It is wielding a +0 halberd.
The orc warrior hits you with a +0 halberd!
The orc shouts!
You slash the orc!
You kill the orc!
Makhleb accepts your kill.
You feel better.
You hit the orc warrior. You block the orc's attack.
The orc warrior barely misses you.
You barely miss the orc warrior.
The orc warrior is lightly wounded.
The orc hits you from afar with a +0 trident.
The orc warrior hits you with a +0 halberd!!
* * * LOW HITPOINT WARNING * * *
You hit the orc warrior but do no damage.
Your headbutt misses the orc warrior.
The orc warrior is lightly wounded.
The orc hits you from afar with a +0 trident!
* * * LOW HITPOINT WARNING * * *
You block the orc warrior's attack. The orc barely misses you.
The orc warrior hits you with a +0 halberd!!
You die...

############ ##
##.∩........## ...
#......#.....###### ..o.
#....)###....#....#..##.
#∩..)..8.....'...o'..8..
#..).)###....#....#..##.
#....))#oo.o.###### ..oo
##.∩...@)...## ...
############ ##


You could see an orc warrior and 2 orcs.

Vanquished Creatures
  A hornet (D:7)
  Edmund (D:4)
  2 water moccasins
  An ice beast (D:5)
  2 black bears (D:6)
  A sky beast (D:7)
  An ogre (D:4)
  2 phantoms
  A bullfrog (D:6)
  A necrophage (D:6)
  3 scorpions
  4 killer bees
  A vampire bat (D:4)
  5 hounds
  4 iguanas
  2 jellies
  2 gnoll boudas
  An orc wizard (D:4)
  17 gnolls
  3 adders
  A shadow imp (D:7)
  A white imp (D:6)
  4 worms
  2 dart slugs
  27 orcs
  2 ball pythons
  3 bat skeletons (D:4)
  2 bat zombies (D:4)
  7 endoplasms
  A giant cockroach (D:4)
  4 goblins
  7 hobgoblins
  7 jackals
  3 quokkas
  3 bats
  6 kobolds
  6 rats
141 creatures vanquished.

Vanquished Creatures (others)
  2 fungi (D:1)
  A plant (D:1)
3 creatures vanquished.

Grand Total: 144 creatures vanquished

Notes
Turn   | Place    | Note
-------+----------+-------------------------------------------
     0 | D:1      | bjubeck the Minotaur Fighter began the quest for the Orb.
     0 | D:1      | Reached XP level 1. HP: 19/19 MP: 0/0
   128 | D:1      | Found a faded altar of an unknown god.
   414 | D:1      | Reached XP level 2. HP: 25/27 MP: 1/1
   965 | D:2      | Reached XP level 3. HP: 23/33 MP: 2/2
  1258 | D:2      | Found Hoataul's Book Shoppe.
  1641 | D:3      | Found a broken altar of Ashenzari.
  1883 | D:3      | Reached XP level 4. HP: 41/41 MP: 3/3
  2502 | D:4      | Found a staircase to the Ecumenical Temple.
  2512 | Temple   | Entered the Ecumenical Temple
  2531 | Temple   | Became a worshipper of Makhleb the Destroyer
  2761 | D:4      | Reached XP level 5. HP: 22/47 MP: 4/4
  2767 | D:4      | Reached skill level 5 in Fighting
  2767 | D:4      | Reached skill level 5 in Armour
  3074 | D:4      | Found a radiant altar of Vehumet.
  3147 | D:4      | Noticed a phantom
  3160 | D:4      | Killed a phantom
  3194 | D:4      | Reached XP level 6. HP: 56/56 MP: 5/5
  3220 | D:4      | Reached skill level 5 in Axes
  3410 | D:4      | Identified the +0 robe "Galocosk" {Int+4}
  3643 | D:4      | Noticed Edmund
  3655 | D:4      | Killed Edmund
  3656 | D:4      | Reached XP level 7. HP: 32/64 MP: 6/6
  3929 | D:4      | Found an ancient bone altar of Kikubaaqudgha.
  4036 | D:5      | Entered Level 5 of the Dungeon
  4467 | D:5      | Reached * piety under Makhleb
  4981 | D:5      | Reached XP level 8. HP: 67/73 MP: 7/7
  5317 | D:6      | Reached skill level 1 in Invocations
  5782 | D:6      | Found an iron altar of Okawaru.
  5783 | D:6      | Found a basalt altar of Yredelemnul.
  5787 | D:6      | Found a hazy altar of Hepliaklqana.
  5791 | D:6      | Found a sacrificial altar of Ru.
  5902 | D:6      | Found a snail-covered altar of Cheibriados.
  5903 | D:6      | Found an opulent altar of Gozag.
  5911 | D:6      | Found a shadowy altar of Dithmenos.
  5915 | D:6      | Found a white marble altar of Elyvilon.
  6314 | D:6      | Reached ** piety under Makhleb
  6548 | D:7      | Reached XP level 9. HP: 51/82 MP: 10/10
  7035 | D:7      | Found a flagged portal.
  7047 | Bailey   | Entered a bailey
  7139 | Bailey   | Slain by an orc warrior

Illustrated notes

Levels and vault maps discovered:
D:1:      dpeg_arrival_round_a, layout_loops_ring,
          shapermc_ecumenical_altar_mp_ritualfount,
          chequers_serial_rivers_small_a
D:2:      layout_basic, serial_shops, shop, due_unseen_surprise
D:3:      layout_loops_ring, ashenzari_conservatory_becter,
          kennysheep_generic_room_14
D:4:      layout_basic, mainiacjoe_overflow_small_starburst,
          kennysheep_vampire_church, minmay_temple_entry_junction, uniq_edmund
D:5:      layout_cave_pods
D:6:      layout_rooms, nicolae_overflow_hallway_of_the_gods
D:7:      minmay_s_stair_smasher, layout_rooms, enter_bailey_2,
          nicolae_ossuary_entry_monument, serial_corexii_hall,
          chequers_hall_statues_wall_a, chequers_hall_statues_corner_a,
          hangedman_decor_push
Temple:   chequers_temple_sunken
Bailey:   bailey_polearm_5, bailey

Skill      XL: |  1  2  3  4  5  6  7  8 |
---------------+-------------------------+-----
Fighting       | 4 5 6 7 8 |  8.9
Armour         | 4 5 6 7 8 |  8.9
Axes           | 3 4 5 6 8 |  8.4
Invocations    | 3 |  3.7
Shields        | |  3.6

Action                   |  1- 3 |  4- 6 |  7- 9 || total
-------------------------+-------+-------+-------++-------
Melee: War axe           |    85 |   101 |   181 ||   367
       Headbutt          |    10 |    13 |    30 ||    53
Throw: Dart              |       |     5 |    18 ||    23
       Boomerang         |       |       |    39 ||    39
  Use: Potion            |       |       |     1 ||     1
Armor: Scale mail        |    42 |    30 |    95 ||   167
Dodge: Dodged            |    47 |    32 |   108 ||   187
Block: Buckler           |    20 |    19 |    63 ||   102
